Map: Washout LE

Players

ratgameplay (uThermal) - Winner!

  • Race: Terran Terran
  • League: Grandmaster
  • Spawn Location: 7:00

Vaeda (HiGhDrA)

  • Race: Protoss Protoss
  • League: Master
  • Spawn Location: 1:00

Event: HomeStory Cup XXIX

VOD

Have the link to the VOD?

Description

Time

  • Played on: July 4, 2026, 7:31 a.m.
  • Length: 10:23

All games in this series

Show
View Real Time Build Order
Export as new Build Order

ratgameplay Terran - Winner!

Build Orders: Reaper Expand 

Get SALT Encoding   

  8  0:00  SCV  
  9  0:12  SCV  
  10  0:24  SCV  
  11  0:36  SCV  
  11  0:38  Supply Depot  
  12  0:48  SCV  
  13  0:51  Refinery  
  13  1:00  SCV  
  14  1:05  Barracks  
  14  1:13  SCV  
  15  1:25  SCV  
  16  1:37  SCV  
  17  1:52  Reaper, Orbital Command  
  18  2:11  Command Center  
  18  2:18  SCV  
  19  2:26  Factory  
  19  2:30  SCV  
  19  2:31  Barracks Reactor  
  20  2:39  Supply Depot  
  20  2:42  SCV  
  21  2:48  Refinery  
  21  3:00  SCV  
  22  3:07  Supply Depot  
  22  3:12  SCV  
  22  3:13  Starport  
  22  3:17  Hellion  
  25  3:21  Widow Mine  
  26  3:28  Orbital Command  
  26  3:31  SCV  
  27  3:35  Marine  
  28  3:42  Hellion  
  31  3:51  SCV  
  31  3:52  Orbital Command  
  31  3:58  Medivac  
  32  4:03  SCV  
  32  4:05  Widow Mine x2  
  32  4:08  Barracks Tech Lab  
  35  4:15  SCV  
  36  4:18  SCV  
  37  4:27  SCV  
  37  4:30  SCV  
  39  4:39  Marine x2, SCV, Siege Tank  
  39  4:42  SCV  
  46  4:49  Starport Tech Lab  
  46  4:52  SCV  
  47  4:54  SCV  
  47  4:55  Bunker, Supply Depot  
  47  4:57  Marine x2  
  49  5:04  SCV  
  50  5:17  SCV x2, Siege Tank  
  50  5:19  Supply Depot  
  55  5:23  Banshee  
  58  5:37  Cloaking Field  
  58  5:40  Marine x2, SCV  
  61  5:43  Supply Depot  
  61  5:47  SCV, Bunker  
  62  5:51  Supply Depot  
  62  5:53  SCV  
  63  5:59  SCV  
  63  6:03  Marine  
  65  6:06  Supply Depot  
  65  6:09  Barracks  
  65  6:10  Banshee  
  65  6:11  Barracks  
  68  6:16  Siege Tank  
  71  6:21  Marine x2, SCV  
  74  6:26  SCV  
  74  6:30  Supply Depot  
  71  6:33  SCV  
  71  6:38  SCV  
  71  6:39  Marine x2  
  68  6:45  SCV  
  68  6:49  Siege Tank  
  68  6:50  SCV  
  72  6:57  Marine  
  72  6:58  SCV, Marine  
  75  7:02  SCV  
  74  7:10  SCV  
  74  7:14  SCV  
  74  7:15  Marine  
  74  7:16  Marine  
  74  7:22  SCV  
  72  7:23  Engineering Bay  
  72  7:24  Refinery  
  72  7:25  Refinery, Marine  
  72  7:26  Starport Reactor  
  72  7:27  SCV  
  72  7:28  Stimpack  
  72  7:32  Marine  
  72  7:34  Marine, SCV  
  70  7:39  SCV  
  70  7:40  Marine  
  70  7:43  Marine  
  69  7:46  SCV  
  69  7:50  Terran Infantry Weapons Level 1, Marine  
  69  7:51  SCV, Missile Turret, Marine  
  72  7:58  Marine, SCV  
  75  8:03  SCV, Siege Tank  
  78  8:06  Marine  
  78  8:10  SCV, Command Center  
  78  8:13  Marine  
  78  8:15  SCV  
  80  8:25  Marine  
  80  8:26  Marauder, Barracks Tech Lab  
  84  8:27  SCV  
  84  8:28  SCV  
  85  8:35  Siege Tank  
  85  8:36  Marine  
  85  8:39  SCV  
  82  8:43  SCV  
  82  8:45  Marine  
  82  8:46  Marauder  
  82  8:47  Marauder  
  83  8:51  SCV  
  83  8:55  SCV  
  84  8:57  Barracks  
  84  8:59  Marine, Barracks  
  85  9:03  SCV  
  85  9:06  Medivac  
  85  9:07  SCV, Marauder  
  85  9:08  Medivac  
  93  9:15  Marine, SCV  
  92  9:19  Missile Turret  
  89  9:26  Marine, Marauder  
  89  9:27  Siege Tank  
  91  9:32  SCV  
  91  9:33  SCV  
  91  9:37  Medivac  
  91  9:38  Medivac  
  97  9:40  Marine  
  97  9:44  SCV  
  100  9:45  SCV  
  100  9:50  Orbital Command  
  100  9:51  Marine  
  100  9:52  Marauder, Marine  
  103  9:56  SCV  
  103  9:59  Supply Depot  
  105  10:04  Missile Turret  
Show
View Real Time Build Order
Export as new Build Order

Vaeda Protoss 

Build Orders:  

Get SALT Encoding   

  8  0:00  Probe  
  9  0:12  Probe  
  10  0:24  Probe  
  11  0:29  Pylon  
  11  0:36  Probe  
  12  0:48  Probe (Chrono Boost)  
  13  0:52  Gateway  
  13  1:01  Probe (Chrono Boost)  
  14  1:06  Probe (Chrono Boost)  
  14  1:08  Assimilator  
  15  1:15  Probe  
  16  1:27  Probe (Chrono Boost)  
  17  1:38  Probe (Chrono Boost)  
  18  1:43  Probe (Chrono Boost), Cybernetics Core  
  19  1:55  Probe  
  20  2:04  Pylon  
  20  2:07  Probe  
  21  2:16  Nexus  
  21  2:23  Stalker (Chrono Boost)  
  21  2:29  Probe  
  24  2:34  Assimilator  
  23  2:40  Warp Gate  
  23  2:41  Probe  
  24  2:47  Stalker  
  26  2:54  Probe  
  27  3:06  Probe  
  27  3:13  Gateway  
  27  3:18  Probe  
  28  3:30  Probe (Chrono Boost)  
  28  3:33  Probe (Chrono Boost)  
  30  3:39  Twilight Council  
  31  3:42  Probe (Chrono Boost)  
  31  3:48  Probe (Chrono Boost)  
  32  3:49  Probe (Chrono Boost)  
  32  3:51  Gateway  
  32  3:55  Probe  
  34  3:59  Probe  
  33  4:03  Pylon  
  33  4:07  Probe  
  34  4:11  Probe  
  34  4:13  Robotics Facility  
  34  4:16  Pylon  
  35  4:19  Probe  
  35  4:22  Shield Battery  
  35  4:23  Probe  
  37  4:30  Blink (Chrono Boost)  
  37  4:33  Probe  
  37  4:35  Probe  
  38  4:45  Probe  
  38  4:47  Probe  
  40  4:54  Stalker x2  
  40  4:58  Probe  
  40  4:59  Probe  
  46  5:04  Assimilator  
  46  5:06  Stalker  
  48  5:07  Assimilator  
  48  5:12  Probe x2  
  47  5:14  Warp Prism (Chrono Boost)  
  49  5:23  Pylon  
  49  5:26  Pylon  
  49  5:31  Probe x2  
  51  5:41  Robotics Bay  
  51  5:43  Probe x2  
  51  5:47  Sentry, Adept  
  57  5:50  Sentry  
  57  5:55  Probe x2  
  57  6:07  Probe x2  
  59  6:18  Observer  
  59  6:19  Probe x2  
  62  6:26  Nexus  
  62  6:28  Pylon  
  62  6:31  Probe x2  
  63  6:32  Zealot  
  65  6:42  Pylon  
  65  6:43  Probe x2  
  65  6:46  Pylon, Observer (Chrono Boost)  
  66  6:55  Probe x2  
  66  6:56  Stalker x2  
  66  6:57  Stalker  
  71  7:07  Probe, Colossus (Chrono Boost)  
  71  7:08  Probe  
  66  7:20  Probe x2  
  66  7:32  Probe x2  
  65  7:37  Stalker x2  
  65  7:42  Sentry  
  65  7:44  Probe x2  
  67  7:45  Probe  
  67  7:56  Probe  
  74  8:04  Sentry  
  74  8:05  Sentry x2  
  69  8:13  Charge (Chrono Boost)  
  69  8:21  Gateway  
  69  8:23  Archon x2, Gateway  
  69  8:24  Gateway  
  69  8:28  Sentry x2  
  69  8:29  Gateway x2  
  54  8:50  Probe  
  54  8:51  Probe x2  
  54  8:54  Adept  
  54  8:55  Adept  
  59  8:58  Robotics Facility  
  52  9:14  Probe x2  
  55  9:26  Probe  
  55  9:30  Nexus  
  55  9:32  Probe (Chrono Boost)  
  56  9:38  Probe (Chrono Boost)  
  56  9:44  Probe (Chrono Boost)  
  57  9:48  Probe (Chrono Boost)  
  57  9:50  Probe (Chrono Boost)  
  57  9:51  Pylon  
  65  9:55  Zealot x2  
  65  9:56  Zealot x2  
  72  10:13  Zealot x3  
Tags
 
Add a new tag
Caveats
  • Supply blocks, unpowered buildings, or Contaminate may cause inaccurate times.
  • Supply counts are checked every 10 seconds.